 Dungeon Crawl Stone Soup version 0.22-a0-455-ga0624bf62c (webtiles) character file.

456 Niraks the Chopper (level 7, -2/60 HPs)
             Began as a Hill Orc Berserker on June 5, 2018.
             Was a Priest of Trog.
             Slain by a centaur (4 damage)
             ... on level 4 of the Dungeon.
             The game lasted 00:18:16 (4419 turns).

Niraks the Chopper (Hill Orc Berserker)             Turns: 4419, Time: 00:18:16

Health: -2/60      AC:  7    Str: 22    XL:     7   Next: 6%
Magic:  7/7        EV: 10    Int:  7    God:    Trog [***...]
Gold:   91         SH:  0    Dex: 10    Spells: 6/6 levels left

rFire    . . .     SeeInvis .   a - +0 hand axe
rCold    . . .     Gourm    .   (no shield)
rNeg     . . .     Faith    .   y - +0 scale mail
rPois    .         Spirit   .   (no helmet)
rElec    .         Reflect  .   (no cloak)
rCorr    .         Harm     .   (no gloves)
MR       .....                  (no boots)
Stlth    ..........             (no amulet)
HPRegen  0.20/turn              (no ring)
MPRegen  0.10/turn              (no ring)

@: berserk cooldown, slowed, very slow
A: no striking features
a: Berserk, Trog's Hand, Renounce Religion


You were on level 4 of the Dungeon.
You worshipped Trog.
Trog was most pleased with you.
You were hungry.

You visited 1 branch of the dungeon, and saw 5 of its levels.

You collected 91 gold pieces.

Inventory:

Hand Weapons
 a - a +0 hand axe (weapon)
Missiles
 g - 51 stones (quivered)
Armour
 b - a +0 animal skin
 h - a +0 leather armour
 m - a +0 ring mail
 o - a +2 ring mail of fire resistance
 y - a +0 scale mail (worn)
Jewellery
 j - an uncursed ring of flight {unknown}
 z - an uncursed ring of poison resistance {unknown}
Wands
 n - a wand of digging (10)
 u - a wand of acid (13)
Scrolls
 c - 2 scrolls of blinking {unknown}
 d - 3 scrolls of remove curse {unknown}
 e - 3 scrolls of immolation {unknown}
 f - 3 scrolls of fog {unknown}
 i - a scroll of enchant weapon {unknown}
 k - 6 scrolls of teleportation {unknown}
 p - 7 scrolls of identify {unknown}
 t - a scroll of amnesia {unknown}
 w - a scroll of enchant armour {unknown}
Potions
 l - a potion of might {unknown}
 q - 3 potions of heal wounds {unknown}
 r - 2 potions of agility
 v - 2 potions of flight {unknown}
 x - a potion of curing {unknown}
Comestibles
 s - a ration


   Skills:
 + Level 4.9 Fighting
 * Level 7.8 Axes
 + Level 0.1 Throwing
 + Level 3.9 Armour
 - Level 2.4 Dodging
 - Level 0.7 Stealth


You had 6 spell levels left.
You didn't know any spells.
Your spell library contained the following spells:

 Spells                   Type           Power        Failure   Level  Hunger
 Magic Dart               Conj           #...         75%         1    ##.....
 Conjure Flame            Conj/Fire      #.......     98%         3    ####...
 Slow                     Hex            #.......     87%         2    ###....
 Mephitic Cloud           Conj/Pois/Air  #.......     98%         3    ####...
 Blink                    Tloc           N/A          87%         2    ###....
 Call Imp                 Summ           #.......     87%         2    ###....


Dungeon Overview and Level Annotations

Branches:
Dungeon (5/15)
 Temple: D:4-7

Altars:
Ashenzari
Dithmenos
Elyvilon
Kikubaaqudgha
Nemelex Xobeh
Qazlal
Ru
Vehumet
Xom
Zin

Annotations:
D:5 Prince Ribbit


Message History

The hound barely misses you.
Prince Ribbit blinks!
The hound bites you.
* * * LOW HITPOINT WARNING * * *
The adder bites you but does no damage.
The centaur unwields an uncursed shortbow.
The centaur barely misses you. The hound bites you but does no damage.
The adder bites you but does no damage. The centaur hits you.
* * * LOW HITPOINT WARNING * * *
There is a stone staircase leading up, spattered with blood here.
The hound bites you but does no damage.
Prince Ribbit blinks!
The centaur hits you but does no damage.
The adder bites you.
* * * LOW HITPOINT WARNING * * *
The hound completely misses you. The centaur closely misses you.
The adder bites you but does no damage.
You climb upwards.
There is a stone staircase leading down, spattered with blood here.
You barely miss the centaur. You hit the hound. You closely miss the adder.
The hound completely misses you. The centaur hits you.
You die...

.# #..............##.#.......# .#
#..............##.........#### .#
#.............................
.###.........................####
..###.........>.........<....###.
#.# ##...........................
#.# ##..####.##.........#.##...#
#.# #.## #.##.S..............#
#.## ##.# #.##@........#.....##
#..###..#####.##ch.......####....
##.##..#.................##...#..
#.#..##.................##.###..
#...###.................#..# #..
##### #...................## ##.
##.....###....[...### #.
#...^.##.......### ##
#........####### #.


You could see a centaur, a hound and an adder.

Vanquished Creatures
  An ogre (D:4)
  A howler monkey (D:4)
  2 crimson imps
  An orc priest (D:3)
  A hound (D:4)
  2 worker ants (D:4)
  6 adders
  3 oozes
  2 worms
  3 dart slugs
  A leopard gecko (D:3)
  6 orcs
  4 giant cockroaches
  7 goblins
  7 hobgoblins
  4 jackals (D:3)
  2 quokkas
  A ball python (D:3)
  4 bats
  3 frilled lizards
  A jackal skeleton (D:5)
  9 kobolds
  8 rats
79 creatures vanquished.

Notes
Turn   | Place    | Note
-------+----------+-------------------------------------------
     0 | D:1      | Niraks the Hill Orc Berserker began the quest for the Orb.
     0 | D:1      | Reached XP level 1. HP: 19/19 MP: 1/1
   353 | D:1      | Reached XP level 2. HP: 17/27 MP: 2/2
  1301 | D:2      | Reached XP level 3. HP: 33/33 MP: 3/3
  1349 | D:2      | Found a shattered altar of Ashenzari.
  1556 | D:2      | Reached skill level 5 in Axes
  1628 | D:2      | Reached ** piety under Trog
  1706 | D:2      | You fall through a shaft for 2 floors!
  1757 | D:4      | Noticed an ogre
  1773 | D:4      | Killed an ogre
  1773 | D:4      | Reached XP level 4. HP: 41/41 MP: 4/4
  1773 | D:4      | Reached XP level 5. HP: 47/47 MP: 5/5
  1870 | D:3      | Found a shadowy altar of Dithmenos.
  2086 | D:3      | Found a sacrificial altar of Ru.
  2088 | D:3      | Found a shimmering altar of Xom.
  2097 | D:3      | Found a stormy altar of Qazlal.
  2097 | D:3      | Found a white marble altar of Elyvilon.
  2097 | D:3      | Found a glowing silver altar of Zin.
  2113 | D:3      | Found a radiant altar of Vehumet.
  2203 | D:2      | Reached skill level 6 in Axes
  2448 | D:3      | Found an ornate altar of the Wu Jian Council.
  2456 | D:3      | Found a radiant altar of Vehumet.
  2456 | D:3      | Found an ancient bone altar of Kikubaaqudgha.
  2458 | D:3      | Found a bloodstained altar of Trog.
  2458 | D:3      | Found a sparkling altar of Nemelex Xobeh.
  2458 | D:3      | Found a shimmering altar of Xom.
  2508 | D:3      | Found a sparkling altar of Nemelex Xobeh.
  2603 | D:3      | Reached XP level 6. HP: 13/53 MP: 6/6
  3535 | D:4      | Reached skill level 7 in Axes
  3718 | D:4      | Found a sacrificial altar of Ru.
  3771 | D:5      | Entered Level 5 of the Dungeon
  3891 | D:5      | Reached *** piety under Trog
  4279 | D:5      | Reached XP level 7. HP: 46/60 MP: 7/7
  4394 | D:5      | Noticed Prince Ribbit
  4416 | D:5      | HP: 3/60 [centaur (6)]
  4417 | D:5      | HP: 1/60 [adder (2)]
  4419 | D:4      | Slain by a centaur

Vault maps used:
D:1:      dpeg_arrival_fog
D:2:      evilmike_ruin_ashenzari
D:3:      nemelex_xobeh_ov_fountains_minmay, minitemple, grunt_dithmenos_smoke,
          moated_statue, doesnt_xom_only_xom
D:4:      first_ration, nicolae_ru_awakened_eye
D:5:      nicolae_tso_besieged_by_evil, uniq_prince_ribbit1

Skill      XL: |  1  2  3  4  5  6 |
---------------+-------------------+-----
Fighting       | 4 |  4.9
Dodging        | 2 |  2.4
Axes           | 5 6 7 |  7.8
Armour         | 3 |  3.9
Throwing       | |  0.1
Stealth        | |  0.7

Action                   |  1- 3 |  4- 6 |  7- 9 || total
-------------------------+-------+-------+-------++-------
Melee: Hand axe          |   129 |   234 |    12 ||   375
Throw: Stone             |       |     5 |     3 ||     8
Invok: Berserk           |     2 |     2 |     1 ||     5
 Stab: Sleeping          |     1 |       |       ||     1
  Eat: Chunk             |     2 |     3 |       ||     5
       Ration            |     1 |     2 |       ||     3
Armor: Animal skin       |     1 |       |       ||     1
       Leather armour    |    11 |       |       ||    11
       Ring mail         |    18 |    29 |       ||    47
       Scale mail        |       |    55 |    10 ||    65
Dodge: Dodged            |    86 |   112 |    28 ||   226

Table legend:
 A = Spawn XP
 B = Non-spawn XP
 C = Spawn XP percentage of total XP
 D = Spawn monster count
 E = Non-spawn monster count
 F = Spawn count percentage of total count
 G = Total turns spent on level
                    A         B        C        D         E        F      G
               +---------+---------+-------+---------+---------+-------+---------
         Total |       0 |     652 |   0.0 |       0 |      79 |   0.0 |  4419
               +---------+---------+-------+---------+---------+-------+---------
           D:1 |       0 |      29 |   0.0 |       0 |      16 |   0.0 |  1291
           D:2 |       0 |      68 |   0.0 |       0 |      18 |   0.0 |   686
           D:3 |       0 |     106 |   0.0 |       0 |      28 |   0.0 |  1100
           D:4 |       0 |     343 |   0.0 |       0 |       9 |   0.0 |  1042
           D:5 |       0 |     106 |   0.0 |       0 |       8 |   0.0 |   300
               +---------+---------+-------+---------+---------+-------+---------
